 Dungeon Crawl Stone Soup version 0.29.1-12-g30fa7ad0bf (webtiles) character file.

Game seed: 8044033792269851556

1001 ghostp the Chopper (level 8, 0/70 HPs)
             Began as a Minotaur Berserker on Jan 6, 2023.
             Was an Elder of Trog.
             Succumbed to a scorpion's poison
             ... on level 5 of the Dungeon.
             The game lasted 00:22:17 (4128 turns).

ghostp the Chopper (Minotaur Berserker)             Turns: 4128, Time: 00:22:17

Health: 0/70       AC: 13    Str: 23 (24) XL:     8   Next: 0%
Magic:  7/7        EV: 11    Int:  2 (4)  God:    Trog [****..]
Gold:   177        SH:  5    Dex:  9 (10) Spells: 7/7 levels left

rFire   . . .      SeeInvis .   a - +0 hand axe
rCold   . . .      Faith    .   (no shield)
rNeg    . . .      Spirit   .   t - +0 scale mail
rPois   .          Reflect  +   (helmet restricted)
rElec   .          Harm     .   e - +0 cloak
rCorr   .          Rampage  .   k - +0 pair of gloves
Will    .....                   c - +2 pair of boots
Stlth   ..........              u - amulet of reflection
HPRegen 0.21/turn               (no ring)
MPRegen 0.10/turn               (no ring)

@: lethally poisoned (0 -> -1)
A: horns 2, retaliatory headbutt
a: Renounce Religion, Berserk, Trog's Hand, Brothers in Arms


You were on level 5 of the Dungeon.
You worshipped Trog.
Trog was greatly pleased with you.
You visited 1 branch of the dungeon, and saw 5 of its levels.
You also visited: Ossuary.

You collected 177 gold pieces.

Inventory:

Hand Weapons
 a - a +0 hand axe (weapon)
 i - a +1 whip of flaming
Missiles
 n - 6 poisoned darts (quivered)
 y - 6 boomerangs
Armour
 c - a +2 pair of boots (worn)
 e - a +0 cloak (worn)
 k - a +0 pair of gloves (worn)
 t - a +0 scale mail (worn)
Jewellery
 u - an amulet of reflection (around neck)
Wands
 h - a wand of polymorph (10)
Scrolls
 b - 3 scrolls of fog {unknown}
 d - 2 scrolls of noise {unknown}
 f - 2 scrolls of amnesia {unknown}
 g - a scroll of magic mapping {unknown}
 j - 2 scrolls of teleportation {unknown}
 l - 3 scrolls of identify {unknown}
 q - a scroll of blinking {unknown}
 r - a scroll of enchant armour {unknown}
 s - a scroll of silence {unknown}
 v - a scroll of vulnerability {unknown}
 z - a scroll of summoning {unknown}
Potions
 m - a potion of invisibility {unknown}
 o - 2 potions of lignification {unknown}
 p - 2 potions of degeneration
 w - 2 potions of berserk rage {unknown}
 x - 2 potions of heal wounds
 A - 2 potions of curing {unknown}
 B - a potion of brilliance {unknown}
 C - 2 potions of magic {unknown}


   Skills:
 + Level 6.1 Fighting
 * Level 7.1 Axes
 * Level 6.5 Armour
 + Level 4.7 Dodging


You had 7 spell levels left.
You didn't know any spells.
Your spell library contained the following spells:

 Spells                   Type           Power      Damage    Failure   Level
 Ozocubu's Armour         Ice            0%         N/A       99%         3
 Portal Projectile        Hex/Tloc       0%         N/A       99%         3
 Tukima's Dance           Hex            0%         N/A       99%         3
 Blade Hands              Tmut           0%         N/A       100%        5
 Ozocubu's Refrigeration  Ice            0%         4d7       100%        7


Dungeon Overview and Level Annotations

Branches:
Dungeon (5/15)            Ossuary (visited)
 Temple: D:4-7

Altars:
Elyvilon
Nemelex Xobeh


Innate Abilities, Weirdness & Mutations

You have a pair of horns on your head.
You reflexively headbutt those who attack you in melee.


Message History

You hear some strange, mumbled words.
A puff of flame appears from out of thin air!
The puff of flame misses you.
The puff of flame hits the scorpion!
The scorpion closely misses you. You furiously retaliate!
You headbutt the scorpion, but do no damage.
You barely miss the scorpion.
The scorpion is almost dead.
You closely miss something.
You feel sick. You block the scorpion's attack.
Something hits you but does no damage.
Unknown command.
You closely miss the scorpion.
The scorpion is almost dead.
You closely miss something.
You feel very sick. The scorpion barely misses you.
You block something's attack.
You hit the scorpion.
The scorpion is almost dead.
You hit something.
You feel sick.
The scorpion stings you but does no damage.
You hit the scorpion.
You kill the scorpion!
Trog accepts your kill.
You closely miss something.
You feel sick. Something hits you.
* * * LOW HITPOINT WARNING * * *
You have reached level 8!
You feel stronger.
You hit something. Your headbutt misses something.
You feel sick. Something hits you but does no damage.
You barely miss something.
You feel sick. Something hits you but does no damage.
You hit something but do no damage. Your headbutt misses something.
You feel sick. Something hits you but does no damage.
You barely miss something.
You feel sick. Something hits you but does no damage.
You feel sick.
You hear some strange, mumbled words.
A puff of flame appears from out of thin air!
The puff of flame hits you.
* * * LOW HITPOINT WARNING * * *
You die...

..#+#...#
#........#
........#
###......#
........#
#.....[+
........#
#......#
.†......#
###......##
........#
#^.........
........#
#.#########
........#
#.#
........#
#@#
........#
#.#
........#
#.#
####.###
#....†{#
#......#
#......#
#......#
#......'
........#


There were no monsters in sight!

Vanquished Creatures
  A black bear (D:5)
  A necrophage (D:5)
  3 scorpions
  4 water moccasin zombies (Ossuary)
  A howler monkey (D:4)
  4 hounds (D:4)
  An orc priest (D:3)
  2 iguanas
  An orc wizard (D:4)
  2 mummies (Ossuary)
  3 gnolls (D:3)
  5 adders
  A white imp (D:5)
  4 adder zombies (Ossuary)
  3 worms
  2 dart slugs
  12 orcs
  5 endoplasms
  4 giant cockroaches
  4 gnoll zombies (Ossuary)
  5 goblins
  6 hobgoblins
  2 quokkas
  5 ball pythons
  2 bats
  A frilled lizard (D:2)
  4 hobgoblin zombies (Ossuary)
  5 kobolds
  4 kobold zombies (Ossuary)
  5 orc zombies (Ossuary)
  10 rats
112 creatures vanquished.

Vanquished Creatures (others)
  4 plants (D:3)
4 creatures vanquished.

Grand Total: 116 creatures vanquished

Notes
Turn   | Place    | Note
-------+----------+-------------------------------------------
     0 | D:1      | ghostp the Minotaur Berserker began the quest for the Orb.
     0 | D:1      | Reached XP level 1. HP: 19/19 MP: 0/0
   187 | D:1      | Reached XP level 2. HP: 27/27 MP: 1/1
   678 | D:1      | Found a faded altar of an unknown god.
   695 | D:2      | Reached skill level 4 in Axes
   765 | D:2      | Reached ** piety under Trog
   862 | D:2      | Reached XP level 3. HP: 33/33 MP: 2/2
  1388 | D:3      | Reached XP level 4. HP: 27/41 MP: 3/3
  1690 | D:3      | Found a white marble altar of Elyvilon.
  1803 | D:3      | Reached XP level 5. HP: 22/47 MP: 4/4
  2066 | D:3      | Found a sparkling altar of Nemelex Xobeh.
  2386 | D:4      | Reached skill level 5 in Axes
  2421 | D:4      | Reached *** piety under Trog
  2550 | D:4      | Reached skill level 5 in Fighting
  2550 | D:4      | Reached XP level 6. HP: 55/56 MP: 5/5
  3207 | D:4      | Reached skill level 5 in Armour
  3397 | D:4      | Reached skill level 6 in Axes
  3516 | D:5      | Entered Level 5 of the Dungeon
  3547 | D:5      | Reached XP level 7. HP: 59/61 MP: 6/6
  3584 | D:5      | Found a sand-covered staircase.
  3591 | Ossuary  | Entered an ossuary
  4106 | D:5      | Reached skill level 7 in Axes
  4117 | D:5      | Reached **** piety under Trog
  4123 | D:5      | Reached XP level 8. HP: 10/70 MP: 7/7
  4127 | D:5      | HP: 1/70 [something/puff of flame (5)]
  4128 | D:5      | Succumbed to a scorpion's poison

Illustrated notes

Levels and vault maps discovered:
D:1:      heliophobic_arrival_ceremonial_halls, layout_loops_cross,
          dilly_ecumenical_altar_fadedgnrine
D:2:      layout_rooms, serial_rivers, chequers_serial_rivers_large_b,
          chequers_serial_rivers_micro_e, chequers_serial_rivers_micro_d,
          chequers_serial_rivers_large_a, chequers_serial_rivers_micro_c
D:3:      layout_rooms, nemelex_altar_shiori, mainiacjoe_overflow_cross_hatched
D:4:      layout_basic
D:5:      layout_basic, grunt_ashenzari_visionary
          [grunt_ashenzari_visionary_swamp, grunt_ashenzari_visionary_snake],
          lemuel_tele_altar, minmay_temple_entry_glass,
          nicolae_ossuary_entry_plus, serial_shops, nicolae_shop_hallway_plus

Skill      XL: |  1  2  3  4  5  6  7 |
---------------+----------------------+-----
Fighting       | 4 5 6 |  6.1
Axes           | 4 5 6 7 |  7.1
Armour         | 3 4 5 6 |  6.5
Dodging        | 3 4 |  4.7

Action                   |  1- 3 |  4- 6 |  7- 9 || total
-------------------------+-------+-------+-------++-------
Melee: Hand axe          |    71 |   124 |   117 ||   312
       Headbutt          |    10 |    25 |    24 ||    59
       Punch             |       |     1 |     2 ||     3
  Use: Potion            |       |       |     2 ||     2
Armor: Animal skin       |    12 |       |       ||    12
       Scale mail        |    13 |    49 |    60 ||   122
Dodge: Dodged            |    40 |    67 |    60 ||   167
Block: Other             |       |    21 |    27 ||    48
       Reflection        |       |     1 |       ||     1
